 Dungeon Crawl Stone Soup version 0.29.0-4-gdea44cf6ec (webtiles) character file.

Game seed: 6046051208473855579

11515 qw the Brawler (level 11, -10/107 HPs)
             Began as a Troll Cinder Acolyte on Aug 31, 2022.
             Was a Follower of Ignis.
             Succumbed to Amaemon's poison
             ... on level 1 of the Lair of Beasts.
             The game lasted 00:04:54 (9287 turns).

qw the Brawler (Troll Cinder Acolyte)               Turns: 9287, Time: 00:04:54

Health: -10/107    AC: 14    Str: 28    XL:     11   Next: 50%
Magic:  11/11      EV:  9    Int: 10    God:    Ignis [*.....]
Gold:   605        SH:  0    Dex:  5    Spells: 12/12 levels left

rFire   + . .      SeeInvis .     - Unarmed
rCold   . . .      Faith    .   (no shield)
rNeg    . . .      Spirit   .   c - +0 steam dragon scales
rPois   .          Reflect  .   (helmet restricted)
rElec   .          Harm     .   (no cloak)
rCorr   .          Rampage  .   (gloves unavailable)
Will    .....                   (boots unavailable)
Stlth   +.........              (no amulet)
HPRegen 1.07/turn               (no ring)
MPRegen 0.12/turn               (no ring)

@: lethally poisoned (-10 -> -68), about to teleport, fiery-armoured, slowed,
very slow
A: large, unfitting armour, claws 3, regeneration 1, shaggy fur 1, tough skin 1
a: Renounce Religion, Fiery Armour, Foxfire Swarm, Rising Flame


You were on level 1 of the Lair of Beasts.
You worshipped Ignis.
Ignis was aware of your devotion.
You visited 2 branches of the dungeon, and saw 11 of its levels.

You collected 735 gold pieces.
You spent 130 gold pieces at shops.


Innate Abilities, Weirdness & Mutations

You are too large for most types of armour.
You have claws for hands.
Your natural rate of healing is unusually fast.
You are covered in fur. (AC +1)
You have tough skin. (AC +1)


   Skills:
 + Level 6.6 Fighting
 - Level 2.0 Throwing
 - Level 2.8 Armour
 - Level 2.0 Dodging
 - Level 16.0 Unarmed Combat
 - Level 1.0 Spellcasting
 - Level 2.1 Fire Magic


You had 12 spell levels left.
You didn't know any spells.
Your spell library contained the following spells:

 Spells                   Type           Power      Damage    Failure   Level
 Scorch                   Fire           8%         2d5       22%         2

Inventory:

Missiles
 m - 2 boomerangs (quivered)
Armour
 c - +0 steam dragon scales (worn)
Jewellery
 a - the amulet "Nagair" {Acrobat Harm rPois}
   (You acquired it on level 8 of the Dungeon)

   [amulet of the acrobat]

   It increases your evasion while moving and waiting.
   rPois:     It protects you from poison.
   Harm:      It increases damage dealt and taken.
Scrolls
 h - a scroll of teleportation
 j - a scroll of identify
Potions
 b - 3 potions of heal wounds
 d - 2 potions of might
 e - a potion of experience {unknown}
 f - a potion of resistance
 g - 2 potions of curing
 i - a potion of invisibility {unknown}
 k - 2 potions of mutation

Dungeon Overview and Level Annotations

Branches:
Dungeon (10/15)            Temple (0/1) D:7            Lair (1/5) D:10
    Orc (0/2) D:9

Altars:
Okawaru
Zin

Shops:
D:2 !   D:3 :   D:5 (

Annotations:
D:4 3 runed translucent doors, qw's ghost, amateur TrCA
D:6 1 runed translucent door, Crazy Yiuf
Lair:1 Amaemon


Message History

You barely miss Amaemon.
Amaemon is heavily wounded.
You feel very sick. The orange demon stings you from afar.
You are more poisoned.
You have difficulty breathing.
You feel yourself slow down. Amaemon closely misses you. Amaemon claws you.
Amaemon tail-slaps you.
You closely miss Amaemon.
Amaemon is heavily wounded.
You feel very sick.
The orange demon stings you but does no damage.
Amaemon hits you with a +1 demon whip of venom.
You are more poisoned.
Amaemon claws you but does no damage.
Amaemon tail-slaps you but does no damage.
You closely miss Amaemon. You claw Amaemon, but do no damage.
Amaemon is heavily wounded.
You feel extremely sick. The orange demon barely misses you.
Amaemon hits you with a +1 demon whip of venom!
You are more poisoned.
Amaemon barely misses you. Amaemon tail-slaps you.
9286 ||| INVOKING Fiery Armour.
A protective cloak of flame settles atop you.
You feel extremely sick.
The orange demon no longer looks unusually toxic.
The orange demon stings you from afar!
You are more poisoned.
The orange demon poisons you!
Amaemon hits you with a +1 demon whip of venom.
You are more poisoned.
Amaemon is burned by your cloak of flames.
Amaemon is heavily wounded.
Amaemon closely misses you. Amaemon tail-slaps you.
Amaemon is burned by your cloak of flames.
Amaemon is severely wounded.
9287 ||| READING 2 scrolls of teleportation.
As you read the scroll of teleportation, it crumbles to dust.
You feel strangely unstable.
You die...

##........... ##..$..##
............ ##.......#
#........... #........#
#...........
.........####...........
..........##............
..........##..#.........
..........##..#.........
#....46@.....###........
##.........#..##........
#..........#.##.........
#P##########.####......#
# #.# ###...## .## #####
. .


You could see Amaemon and an orange demon.

Vanquished Creatures
  Harold (D:9)
  A two-headed ogre (D:10)
  Erica (D:9)
  A death yak (D:9)
  Pikel (D:5)
  A gargoyle (D:10)
  A cane toad (Lair:1)
  Maggie (D:8)
  Psyche (D:8)
  2 hornets (D:9)
  A wraith (D:10)
  21 yaks
  Menkaure (D:4)
  3 water moccasins
  A sky beast (D:7)
  An orc warrior (D:7)
  4 black bears
  An ogre (D:7)
  A centaur (D:9)
  5 kobold brigands
  2 lemures (D:5)
  6 bullfrogs
  A gnoll sergeant (D:7)
  2 scorpions
  14 wights
  4 killer bees (D:10)
  A howler monkey (D:6)
  An electric eel (Lair:1)
  4 hounds
  2 jellies
  3 orc priests
  A gnoll bouda (D:7)
  Natasha (twice) (D:3)
  7 iguanas
  10 orc wizards
  5 gnolls
  5 adders
  A shadow imp (D:6)
  4 white imps
  2 ufetubi
  6 dart slugs
  24 orcs
  8 endoplasms
  2 giant cockroaches
  5 goblins
  4 hobgoblins
  8 jackals
  28 kobolds
  A quokka (D:2)
  13 ball pythons
  4 bats
  5 frilled lizards
  4 rats
239 creatures vanquished.

Vanquished Creatures (others)
  A gnoll (D:5)
  A fungus (Lair:1)
2 creatures vanquished.

Grand Total: 241 creatures vanquished

Notes
Turn   | Place    | Note
-------+----------+-------------------------------------------
     0 | D:1      | qw the Troll Cinder Acolyte began the quest for the Orb.
     0 | D:1      | Reached XP level 1. HP: 22/22 MP: 1/1
     0 | D:1      | 0 ||| qw: Version: 0.1-a-97-g2dd2ca4
     0 | D:1      | 0 ||| qw: Game counter: 4673
     0 | D:1      | 0 ||| qw: Always use a shield: true
     0 | D:1      | 0 ||| qw: God list: Okawaru
     0 | D:1      | 0 ||| qw: Allow faded altars: false
     0 | D:1      | 0 ||| qw: Do Orc after D:15 true
     0 | D:1      | 0 ||| qw: Do second Lair branch before Depths: true
     0 | D:1      | 0 ||| qw: Lair rune preference: random
     0 | D:1      | 0 ||| qw: Plans: Normal
     0 | D:1      | 0 ||| PLANNING D:1-11
   133 | D:1      | 133 ||| Stepping ~*~*~tactically~*~*~ (hiding).
   136 | D:1      | 136 ||| Stepping ~*~*~tactically~*~*~ (hiding).
   327 | D:1      | Reached XP level 2. HP: 28/29 MP: 2/2
   512 | D:1      | Reached skill level 4 in Unarmed Combat
   594 | D:1      | 594 ||| Stepping ~*~*~tactically~*~*~ (stealth).
   650 | D:1      | 650 ||| READING scroll labelled VIEBUI DEUSYTE.
   651 | D:1      | 651 ||| READING scroll labelled GUV DOLAOHIT.
   668 | D:2      | 668 ||| STAIRDANCE
   690 | D:2      | Reached XP level 3. HP: 36/36 MP: 3/3
   692 | D:2      | 692 ||| Stepping ~*~*~tactically~*~*~ (hiding).
  1023 | D:2      | Found a faded altar of an unknown god.
  1184 | D:2      | Found Roka Tee's Distillery.
  1187 | D:2      | 1187 ||| BUYING 2 potions of heal wounds (130 gold).
  1187 | D:2      | Bought 2 potions of heal wounds for 130 gold pieces
  1187 | D:2      | 1187 ||| SHOPLISTING 2 potions of mutation (208 gold, have
                  | 8).
  1187 | D:2      | 1187 ||| SHOPLISTING potion of cancellation (104 gold, have
                  | 8).
  1187 | D:2      | 1187 ||| SHOPLISTING potion of curing (39 gold, have 8).
  1187 | D:2      | 1187 ||| SHOPLISTING potion of heal wounds (65 gold, have
                  | 8).
  1187 | D:2      | 1187 ||| SHOPLISTING potion of might (52 gold, have 8).
  1458 | D:2      | 1458 ||| DROPPING scarf of invisibility.
  1459 | D:2      | 1459 ||| READING scroll labelled IMICETH DOING.
  1460 | D:2      | 1460 ||| READING scroll labelled WULEID TOPRA.
  1464 | D:2      | 1464 ||| READING scroll labelled QEBBAF SOEC.
  1680 | D:3      | Found Xahuple's Book Emporium.
  1921 | D:3      | 1921 ||| Stepping ~*~*~tactically~*~*~ (stealth).
  1927 | D:3      | 1927 ||| Stepping ~*~*~tactically~*~*~ (outnumbered).
  1968 | D:3      | Reached XP level 4. HP: 44/44 MP: 4/4
  1976 | D:3      | Noticed Natasha
  1980 | D:3      | Killed Natasha
  1981 | D:3      | Reached skill level 5 in Unarmed Combat
  2032 | D:3      | Noticed Natasha
  2033 | D:3      | 2033 ||| Stepping ~*~*~tactically~*~*~ (hiding).
  2035 | D:3      | 2035 ||| Stepping ~*~*~tactically~*~*~ (hiding).
  2046 | D:3      | Killed Natasha
  2215 | D:3      | 2215 ||| INVOKING Fiery Armour.
  2217 | D:3      | Reached XP level 5. HP: 50/50 MP: 5/5
  2223 | D:3      | Reached skill level 6 in Unarmed Combat
  2365 | D:3      | 2365 ||| READING scroll labelled CESUSMIKEK.
  2452 | D:4      | Noticed qw's ghost (amateur TrCA)
  2452 | D:4      | Found a runed translucent gate.
  2452 | D:4      | Found a runed translucent gate.
  2452 | D:4      | Found a runed translucent gate.
  2725 | D:4      | Reached skill level 7 in Unarmed Combat
  2725 | D:4      | Reached XP level 6. HP: 54/59 MP: 6/6
  2765 | D:4      | 2765 ||| Stepping ~*~*~tactically~*~*~ (hiding).
  3013 | D:4      | Identified the +2 sling "Newtbane" {venom, rN+}
  3013 | D:4      | Identified the +2 leather armour "Yraufo" {Contam rF+ Str+4
                  | Int+6}
  3224 | D:4      | Noticed Menkaure
  3232 | D:4      | 3232 ||| INVOKING Fiery Armour.
  3237 | D:4      | Killed Menkaure
  3238 | D:4      | Reached skill level 8 in Unarmed Combat
  3238 | D:4      | Reached XP level 7. HP: 29/66 MP: 7/7
  3644 | D:4      | 3644 ||| DROPPING ring of wizardry.
  3645 | D:4      | 3645 ||| DRINKING 2 viscous clear potions.
  3661 | D:5      | Entered Level 5 of the Dungeon
  3664 | D:5      | 3664 ||| Stepping ~*~*~tactically~*~*~ (stealth).
  3665 | D:5      | 3665 ||| Stepping ~*~*~tactically~*~*~ (stealth).
  3666 | D:5      | 3666 ||| Stepping ~*~*~tactically~*~*~ (stealth).
  3695 | D:5      | Reached skill level 3 in Fighting
  3711 | D:5      | 3711 ||| Stepping ~*~*~tactically~*~*~ (outnumbered).
  3748 | D:5      | Noticed a yak
  3748 | D:5      | Noticed a yak
  3750 | D:5      | Noticed a yak
  3754 | D:5      | Noticed a yak
  3755 | D:5      | 3755 ||| Stepping ~*~*~tactically~*~*~ (stealth).
  3757 | D:5      | Noticed a yak
  3758 | D:5      | 3758 ||| INVOKING Fiery Armour.
  3759 | D:5      | 3759 ||| Stepping ~*~*~tactically~*~*~ (outnumbered).
  3759 | D:5      | Noticed a yak
  3760 | D:5      | 3760 ||| Stepping ~*~*~tactically~*~*~ (outnumbered).
  3762 | D:5      | 3762 ||| Stepping ~*~*~tactically~*~*~ (outnumbered).
  3765 | D:5      | Killed a yak
  3771 | D:5      | Killed a yak
  3772 | D:5      | Reached skill level 9 in Unarmed Combat
  3775 | D:5      | Killed a yak
  3776 | D:5      | Reached XP level 8. HP: 34/75 MP: 8/8
  3793 | D:5      | Reached skill level 10 in Unarmed Combat
  3938 | D:5      | 3938 ||| Stepping ~*~*~tactically~*~*~ (stealth).
  3941 | D:5      | 3941 ||| Stepping ~*~*~tactically~*~*~ (stealth).
  3949 | D:5      | 3949 ||| Stepping ~*~*~tactically~*~*~ (hiding).
  3951 | D:5      | 3951 ||| Stepping ~*~*~tactically~*~*~ (hiding).
  3956 | D:5      | 3956 ||| Stepping ~*~*~tactically~*~*~ (hiding).
  4192 | D:5      | Noticed Pikel
  4195 | D:5      | 4195 ||| INVOKING Fiery Armour.
  4196 | D:5      | 4196 ||| Stepping ~*~*~tactically~*~*~ (outnumbered).
  4197 | D:5      | 4197 ||| Stepping ~*~*~tactically~*~*~ (stealth).
  4208 | D:5      | Killed Pikel
  4209 | D:5      | Reached skill level 11 in Unarmed Combat
  4209 | D:5      | Reached XP level 9. HP: 28/84 MP: 9/9
  4210 | D:5      | 4210 ||| Stepping ~*~*~tactically~*~*~ (outnumbered).
  4212 | D:5      | 4212 ||| Stepping ~*~*~tactically~*~*~ (outnumbered).
  4369 | D:5      | Found Xasoow's Weapon Shop.
  4738 | D:5      | 4738 ||| DROPPING ring of magical power.
  4739 | D:5      | 4739 ||| READING scroll labelled TIFINI LITIADGH.
  4740 | D:5      | 4740 ||| DRINKING 2 murky sapphire potions.
  4741 | D:5      | 4741 ||| DROPPING potion of brilliance.
  5038 | D:6      | Found the +6 shillelagh "Devastator" {shatter}
  5046 | D:6      | Found a runed translucent door.
  5047 | D:6      | Noticed Crazy Yiuf
  5168 | D:6      | Reached skill level 1 in Throwing
  5196 | D:6      | Reached skill level 12 in Unarmed Combat
  5397 | D:6      | 5397 ||| Stepping ~*~*~tactically~*~*~ (stealth).
  5404 | D:6      | 5404 ||| Stepping ~*~*~tactically~*~*~ (outnumbered).
  5405 | D:6      | 5405 ||| Stepping ~*~*~tactically~*~*~ (outnumbered).
  5406 | D:6      | 5406 ||| INVOKING Fiery Armour.
  5407 | D:6      | 5407 ||| Stepping ~*~*~tactically~*~*~ (outnumbered).
  5408 | D:6      | 5408 ||| Stepping ~*~*~tactically~*~*~ (outnumbered).
  5410 | D:6      | 5410 ||| Stepping ~*~*~tactically~*~*~ (outnumbered).
  5411 | D:6      | 5411 ||| Stepping ~*~*~tactically~*~*~ (outnumbered).
  5412 | D:6      | 5412 ||| Stepping ~*~*~tactically~*~*~ (outnumbered).
  5414 | D:6      | 5414 ||| FLEEEEING.
  5417 | D:6      | 5417 ||| Stepping ~*~*~tactically~*~*~ (outnumbered).
  5662 | D:6      | 5662 ||| DRINKING 2 fizzy blue potions.
  5663 | D:6      | 5663 ||| DRINKING 2 green potions.
  5768 | D:6      | 5768 ||| DROPPING potion of flight.
  5769 | D:6      | 5769 ||| DROPPING potion of berserk rage.
  6014 | D:7      | Found a staircase to the Ecumenical Temple.
  6032 | D:7      | 6032 ||| Stepping ~*~*~tactically~*~*~ (stealth).
  6042 | D:7      | 6042 ||| Stepping ~*~*~tactically~*~*~ (stealth).
  6046 | D:7      | 6046 ||| Stepping ~*~*~tactically~*~*~ (stealth).
  6049 | D:7      | 6049 ||| Stepping ~*~*~tactically~*~*~ (stealth).
  6308 | D:7      | 6308 ||| Stepping ~*~*~tactically~*~*~ (stealth).
  6318 | D:7      | 6318 ||| Stepping ~*~*~tactically~*~*~ (stealth).
  6335 | D:7      | 6335 ||| Stepping ~*~*~tactically~*~*~ (stealth).
  6500 | D:7      | 6500 ||| FLEEEEING.
  6515 | D:7      | Reached skill level 13 in Unarmed Combat
  6636 | D:7      | 6636 ||| READING scroll labelled SAWOIROSATZ.
  6637 | D:7      | 6637 ||| READING scroll labelled BILUAR WIR.
  6638 | D:7      | 6638 ||| READING 7 scrolls of identify.
  6638 | D:7      | 6638 ||| IDENTIFYING cyan potion
  6639 | D:7      | 6639 ||| READING 6 scrolls of identify.
  6639 | D:7      | 6639 ||| IDENTIFYING lumpy sapphire potion
  6640 | D:7      | 6640 ||| READING 5 scrolls of identify.
  6640 | D:7      | 6640 ||| IDENTIFYING orange potion
  6641 | D:7      | 6641 ||| READING 4 scrolls of identify.
  6641 | D:7      | 6641 ||| IDENTIFYING glowing pink potion
  6642 | D:7      | 6642 ||| READING 3 scrolls of identify.
  6642 | D:7      | 6642 ||| IDENTIFYING inky potion
  6643 | D:7      | 6643 ||| DROPPING potion of magic.
  6644 | D:7      | 6644 ||| DROPPING potion of lignification.
  6645 | D:7      | 6645 ||| DROPPING potion of attraction.
  6646 | D:7      | 6646 ||| READING 3 scrolls of teleportation.
  6674 | D:7      | 6674 ||| Stepping ~*~*~tactically~*~*~ (stealth).
  6675 | D:7      | 6675 ||| Stepping ~*~*~tactically~*~*~ (stealth).
  6681 | D:7      | 6681 ||| READING 2 scrolls of identify.
  6681 | D:7      | 6681 ||| IDENTIFYING bubbling sapphire potion
  6682 | D:7      | 6682 ||| DROPPING potion of degeneration.
  6692 | D:8      | 6692 ||| STAIRDANCE
  6700 | D:7      | 6700 ||| INVOKING Fiery Armour.
  6757 | D:8      | 6757 ||| STAIRDANCE
  6764 | D:7      | Reached XP level 10. HP: 88/96 MP: 10/10
  6779 | D:8      | 6779 ||| Stepping ~*~*~tactically~*~*~ (outnumbered).
  6783 | D:8      | 6783 ||| FLEEEEING.
  6784 | D:8      | 6784 ||| FLEEEEING.
  6785 | D:8      | 6785 ||| FLEEEEING.
  6786 | D:8      | 6786 ||| FLEEEEING.
  6787 | D:8      | 6787 ||| FLEEEEING.
  6797 | D:8      | 6797 ||| STAIRDANCE
  6840 | D:8      | 6840 ||| Stepping ~*~*~tactically~*~*~ (hiding).
  6952 | D:8      | 6952 ||| Stepping ~*~*~tactically~*~*~ (stealth).
  6956 | D:8      | 6956 ||| Stepping ~*~*~tactically~*~*~ (stealth).
  6966 | D:8      | 6966 ||| INVOKING Fiery Armour.
  6966 | D:8      | HP: 18/95 [yak (6)]
  6967 | D:8      | 6967 ||| READING 2 scrolls of teleportation.
  6968 | D:8      | 6968 ||| DRINKING 4 potions of heal wounds.
  6970 | D:8      | 6970 ||| DRINKING 3 potions of heal wounds.
  6972 | D:8      | 6972 ||| Stepping ~*~*~tactically~*~*~ (hiding).
  6983 | D:8      | 6983 ||| Stepping ~*~*~tactically~*~*~ (outnumbered).
  6994 | D:8      | Noticed Maggie
  7007 | D:8      | Killed Maggie
  7123 | D:8      | Noticed Psyche
  7134 | D:8      | Killed Psyche
  7135 | D:8      | Reached skill level 14 in Unarmed Combat
  7538 | D:8      | 7538 ||| UPGRADING to +0 steam dragon scales.
  7548 | D:8      | 7548 ||| DROPPING +0 robe.
  7549 | D:8      | 7549 ||| READING scroll labelled KACEOTE SODUT.
  7549 | D:8      | Identified a scroll of acquirement
  7549 | D:8      | 7549 ||| ACQUIRING amulet "Nagair" {Acrobat Harm rPois}
  7549 | D:8      | Acquired the amulet "Nagair" {Acrobat Harm rPois}
  7606 | D:9      | Paralysed by a hornet for 3 turns
  7611 | D:9      | Reached skill level 1 in Armour
  7699 | D:9      | Noticed Harold
  7700 | D:9      | 7700 ||| Stepping ~*~*~tactically~*~*~ (stealth).
  7712 | D:9      | 7712 ||| INVOKING Fiery Armour.
  7713 | D:9      | Killed Harold
  7714 | D:9      | Reached skill level 6 in Fighting
  7714 | D:9      | 7714 ||| FLEEEEING.
  7715 | D:9      | 7715 ||| FLEEEEING.
  7716 | D:9      | 7716 ||| FLEEEEING.
  7717 | D:9      | 7717 ||| FLEEEEING.
  7718 | D:9      | 7718 ||| FLEEEEING.
  7719 | D:9      | 7719 ||| FLEEEEING.
  7720 | D:9      | 7720 ||| FLEEEEING.
  7721 | D:9      | 7721 ||| FLEEEEING.
  7722 | D:9      | 7722 ||| FLEEEEING.
  7724 | D:9      | 7724 ||| FLEEEEING.
  7725 | D:9      | 7725 ||| FLEEEEING.
  7726 | D:9      | 7726 ||| STAIRDANCE
  7784 | D:8      | 7784 ||| READING scroll labelled BORPHU FIAL.
  7792 | D:9      | 7792 ||| STAIRDANCE
  7842 | D:9      | 7842 ||| Stepping ~*~*~tactically~*~*~ (stealth).
  7850 | D:9      | 7850 ||| Stepping ~*~*~tactically~*~*~ (stealth).
  7852 | D:9      | 7852 ||| Stepping ~*~*~tactically~*~*~ (hiding).
  7853 | D:9      | 7853 ||| Stepping ~*~*~tactically~*~*~ (hiding).
  7853 | D:9      | Found a staircase to the Orcish Mines.
  7888 | D:9      | 7888 ||| Stepping ~*~*~tactically~*~*~ (hiding).
  7891 | D:9      | 7891 ||| Stepping ~*~*~tactically~*~*~ (hiding).
  7921 | D:9      | 7921 ||| INVOKING Fiery Armour.
  7922 | D:9      | 7922 ||| Stepping ~*~*~tactically~*~*~ (stealth).
  7939 | D:9      | 7939 ||| Stepping ~*~*~tactically~*~*~ (outnumbered).
  7940 | D:9      | 7940 ||| Stepping ~*~*~tactically~*~*~ (outnumbered).
  7941 | D:9      | 7941 ||| Stepping ~*~*~tactically~*~*~ (outnumbered).
  8040 | D:9      | 8040 ||| Stepping ~*~*~tactically~*~*~ (stealth).
  8044 | D:9      | 8044 ||| Stepping ~*~*~tactically~*~*~ (outnumbered).
  8046 | D:9      | 8046 ||| Stepping ~*~*~tactically~*~*~ (stealth).
  8047 | D:9      | 8047 ||| Stepping ~*~*~tactically~*~*~ (outnumbered).
  8048 | D:9      | 8048 ||| Stepping ~*~*~tactically~*~*~ (outnumbered).
  8049 | D:9      | 8049 ||| Stepping ~*~*~tactically~*~*~ (outnumbered).
  8050 | D:9      | 8050 ||| Stepping ~*~*~tactically~*~*~ (outnumbered).
  8051 | D:9      | 8051 ||| Stepping ~*~*~tactically~*~*~ (outnumbered).
  8052 | D:9      | 8052 ||| Stepping ~*~*~tactically~*~*~ (outnumbered).
  8053 | D:9      | 8053 ||| Stepping ~*~*~tactically~*~*~ (outnumbered).
  8054 | D:9      | 8054 ||| Stepping ~*~*~tactically~*~*~ (outnumbered).
  8055 | D:9      | 8055 ||| Stepping ~*~*~tactically~*~*~ (outnumbered).
  8056 | D:9      | 8056 ||| Stepping ~*~*~tactically~*~*~ (outnumbered).
  8115 | D:9      | 8115 ||| Stepping ~*~*~tactically~*~*~ (stealth).
  8116 | D:9      | 8116 ||| Stepping ~*~*~tactically~*~*~ (outnumbered).
  8117 | D:9      | 8117 ||| Stepping ~*~*~tactically~*~*~ (outnumbered).
  8119 | D:9      | Reached XP level 11. HP: 107/107 MP: 11/11
  8124 | D:9      | 8124 ||| Stepping ~*~*~tactically~*~*~ (outnumbered).
  8125 | D:9      | 8125 ||| Stepping ~*~*~tactically~*~*~ (outnumbered).
  8126 | D:9      | 8126 ||| Stepping ~*~*~tactically~*~*~ (outnumbered).
  8127 | D:9      | 8127 ||| Stepping ~*~*~tactically~*~*~ (outnumbered).
  8128 | D:9      | 8128 ||| Stepping ~*~*~tactically~*~*~ (outnumbered).
  8129 | D:9      | 8129 ||| Stepping ~*~*~tactically~*~*~ (outnumbered).
  8130 | D:9      | 8130 ||| Stepping ~*~*~tactically~*~*~ (outnumbered).
  8131 | D:9      | 8131 ||| Stepping ~*~*~tactically~*~*~ (outnumbered).
  8132 | D:9      | 8132 ||| Stepping ~*~*~tactically~*~*~ (outnumbered).
  8133 | D:9      | 8133 ||| Stepping ~*~*~tactically~*~*~ (outnumbered).
  8134 | D:9      | 8134 ||| Stepping ~*~*~tactically~*~*~ (outnumbered).
  8136 | D:9      | 8136 ||| Stepping ~*~*~tactically~*~*~ (outnumbered).
  8137 | D:9      | 8137 ||| Stepping ~*~*~tactically~*~*~ (outnumbered).
  8138 | D:9      | 8138 ||| Stepping ~*~*~tactically~*~*~ (outnumbered).
  8139 | D:9      | 8139 ||| Stepping ~*~*~tactically~*~*~ (outnumbered).
  8140 | D:9      | 8140 ||| Stepping ~*~*~tactically~*~*~ (outnumbered).
  8142 | D:9      | Reached skill level 15 in Unarmed Combat
  8147 | D:9      | 8147 ||| INVOKING Fiery Armour.
  8241 | D:9      | Noticed a death yak
  8248 | D:9      | Killed a death yak
  8294 | D:9      | 8294 ||| Stepping ~*~*~tactically~*~*~ (stealth).
  8341 | D:9      | 8341 ||| Stepping ~*~*~tactically~*~*~ (stealth).
  8343 | D:9      | Found a glowing silver altar of Zin.
  8373 | D:9      | Found an iron altar of Okawaru.
  8405 | D:9      | Noticed Erica
  8406 | D:9      | 8406 ||| INVOKING Fiery Armour.
  8411 | D:9      | Killed Erica
  8449 | D:9      | 8449 ||| READING scroll labelled QOUXUL BUNOL.
  8521 | D:10     | Entered Level 10 of the Dungeon
  8595 | D:10     | Identified the +0 pair of gloves of the Lily {*Corrode
                  | rC++}
  8653 | D:10     | 8653 ||| Stepping ~*~*~tactically~*~*~ (stealth).
  8656 | D:10     | 8656 ||| Stepping ~*~*~tactically~*~*~ (stealth).
  8683 | D:10     | 8683 ||| Stepping ~*~*~tactically~*~*~ (stealth).
  8683 | D:10     | Noticed a two-headed ogre
  8688 | D:10     | Killed a two-headed ogre
  8689 | D:10     | 8689 ||| FLEEEEING.
  8690 | D:10     | 8690 ||| FLEEEEING.
  8691 | D:10     | 8691 ||| FLEEEEING.
  8694 | D:10     | 8694 ||| FLEEEEING.
  8695 | D:10     | 8695 ||| FLEEEEING.
  8696 | D:10     | 8696 ||| FLEEEEING.
  8870 | D:10     | Found a staircase to the Lair.
  8945 | D:10     | 8945 ||| PLANNING LAIR
  8945 | D:10     | 8945 ||| READING scroll labelled KUCZUFR GYACI.
  8961 | Lair:1   | Entered Level 1 of the Lair of Beasts
  9068 | Lair:1   | Reached skill level 16 in Unarmed Combat
  9272 | Lair:1   | Noticed Amaemon
  9286 | Lair:1   | 9286 ||| INVOKING Fiery Armour.
  9286 | Lair:1   | HP: 26/107 [poisoned by Amaemon]
  9286 | Lair:1   | HP: 11/107 [Amaemon/+1 demon whip of venom (6)]
  9287 | Lair:1   | 9287 ||| READING 2 scrolls of teleportation.
  9287 | Lair:1   | Succumbed to Amaemon's poison

Levels and vault maps discovered:
D:1:      amcnicky_arrival_blooded_trapdoor, layout_basic
D:2:      layout_loops_cross, ebering_ecumenical_altar_hall, serial_shops, shop
D:3:      layout_basic, serial_shops, shop, hangedman_glass_teeth, uniq_natasha
D:4:      layout_cave_pods, biasface_ghost_orc_armoury, minmay_misc_feat_cross,
          minmay_crystal_room, kennysheep_generic_room_8, uniq_menkaure
D:5:      layout_basic, serial_shops, nicolae_stop_n_shop_2, uniq_pikel
D:6:      layout_loops_ring, kennysheep_cross_bottleneck, kennysheep_boxes,
          uniq_crazy_yiuf_cottage
D:7:      layout_loops_ring, minmay_temple_entry_overgrown, minmay_manual_mess
D:8:      layout_cave_pools, uniq_maggie, uniq_psyche
D:9:      argonaut_augean_stables, layout_rooms,
          mainiacjoe_overflow_catwalk_spiral, corexii_checkpoint_a, uniq_erica,
          uniq_harold
D:10:     layout_cave_pools, lair_entry_dummy
Lair:1:   layout_cave_pods, infiniplex_staircase_pool, uniq_amaemon, uniq_grum

Skill      XL: |  1  2  3  4  5  6  7  8  9 10 11 |
---------------+----------------------------------+-----
Unarmed Combat | 4 5 7 8 9 11 13 14 16 | 16.0
Fighting       | 3 4 5 6 |  6.6
Dodging        | 2 |  2.0
Throwing       | 1 2 |  2.0
Armour         | 1 2 |  2.8
Spellcasting   | |  1.0
Fire Magic     | |  2.1

Action                   |  1- 3 |  4- 6 |  7- 9 | 10-12 || total
-------------------------+-------+-------+-------+-------++-------
Melee: Unarmed           |   120 |    78 |   223 |   195 ||   616
       Punch             |     2 |     2 |     6 |    13 ||    23
Throw: Boomerang         |       |     9 |    46 |    60 ||   115
Invok: Fiery Armour      |       |     2 |     4 |     6 ||    12
  Use: Scroll            |     5 |     1 |    10 |     6 ||    22
       Potion            |       |       |     4 |     2 ||     6
Armor: Robe              |    36 |    15 |    29 |    15 ||    95
       Steam dragon scal |       |       |       |    30 ||    30
Dodge: Dodged            |    35 |    21 |    62 |    75 ||   193

Table legend:
 A = Non-vault XP
 B = Vault XP
 C = Vault XP percentage of total XP
 D = Non-vault monster count
 E = Vault monster count
 F = Vault count percentage of total count
                 A         B        C        D         E       F
            +---------+---------+-------+---------+---------+-------
      Total |    9503 |    6948 |  42.2 |     211 |      27 |  11.3
            +---------+---------+-------+---------+---------+-------
        D:1 |      38 |       0 |   0.0 |      20 |       0 |   0.0
        D:2 |      30 |       0 |   0.0 |      18 |       0 |   0.0
        D:3 |     189 |      35 |  15.6 |      20 |       1 |   4.8
        D:4 |     171 |     295 |  63.3 |      17 |       2 |  10.5
        D:5 |    1843 |     685 |  27.1 |      27 |       1 |   3.6
        D:6 |     775 |       0 |   0.0 |      14 |       0 |   0.0
        D:7 |    1088 |     445 |  29.0 |      34 |       6 |  15.0
        D:8 |    1314 |     772 |  37.0 |      17 |       2 |  10.5
        D:9 |    1349 |    4716 |  77.8 |      26 |      15 |  36.6
       D:10 |    1751 |       0 |   0.0 |      12 |       0 |   0.0
     Lair:1 |     955 |       0 |   0.0 |       6 |       0 |   0.0
            +---------+---------+-------+---------+---------+-------
